Map: Stasis LE

Players

KroNax

  • Race: Zerg Zerg
  • League: Gold
  • Spawn Location: 11:00

Yocto - Winner!

  • Race: Zerg Zerg
  • Spawn Location: 1:00

VOD

Have the link to the VOD?

Description

Time

  • Played on: Dec. 14, 2018, 10:40 a.m.
  • Length: 22:12
Show
View Real Time Build Order
Export as new Build Order

KroNax Zerg 

Build Orders: Pool First 

Get SALT Encoding   

  12  0:09  Drone  
  12  0:13  Overlord  
  13  0:18  Drone  
  14  0:33  Drone x2  
  16  0:45  Drone  
  17  0:50  Spawning Pool  
  17  0:52  Extractor  
  15  1:01  Drone  
  16  1:10  Drone  
  17  1:15  Drone  
  18  1:25  Drone  
  18  1:46  Zergling x2  
  19  1:48  Queen, Zergling x2  
  22  2:00  Overlord  
  22  2:06  Hatchery  
  21  2:28  Zergling x4  
  23  2:34  Drone  
  24  2:39  Baneling Nest  
  24  2:43  Drone  
  24  2:45  Roach Warren  
  22  3:00  Zergling x2  
  22  3:02  Zergling x2  
  22  3:04  Zergling x4  
  26  3:07  Queen  
  28  3:19  Zergling x2  
  29  3:21  Zergling x2  
  29  3:25  Queen  
  32  3:27  Roach  
  32  3:29  Metabolic Boost  
  34  3:57  Ravager  
  34  3:59  Overlord x2  
  35  4:17  Drone  
  35  4:18  Overlord x2, Drone x3  
  35  4:20  Drone  
  33  4:55  Zergling x2  
  33  4:56  Roach x6  
  33  4:57  Roach  
  48  5:01  Roach  
  50  5:07  Roach  
  50  5:09  Roach  
  50  5:13  Roach  
  56  5:18  Baneling x3  
  56  5:47  Drone x2  
  56  5:48  Drone x6  
  64  6:13  Drone x4  
  64  6:18  Overlord x2  
  68  6:22  Extractor  
  68  6:25  Extractor  
  66  6:27  Baneling  
  66  6:28  Baneling x2  
  66  6:34  Lair  
  66  6:36  Extractor  
  66  6:39  Evolution Chamber  
  64  6:41  Evolution Chamber  
  64  6:45  Drone x3  
  64  6:46  Drone  
  64  6:47  Drone x2  
  69  7:02  Drone x4  
  69  7:03  Overlord  
  69  7:06  Overlord, Hatchery  
  72  7:31  Glial Reconstitution  
  72  7:43  Hatchery  
  72  7:53  Ravager x2  
  72  7:54  Ravager x3  
  72  7:57  Zergling x28  
  91  8:24  Roach x4  
  99  8:55  Zerg Missile Weapons Level 1, Zerg Ground Armor Level 1  
  99  9:01  Spore Crawler  
  98  9:04  Spore Crawler  
  98  9:05  Spore Crawler  
  98  9:06  Spore Crawler  
  95  9:10  Spore Crawler x2, Drone x3  
  95  9:11  Spore Crawler, Drone x3  
  98  10:04  Hydralisk Den  
  97  10:08  Infestation Pit  
  96  10:18  Overlord x4  
  96  10:20  Overlord  
  96  10:25  Hatchery  
  95  10:31  Baneling  
  95  10:32  Baneling x5  
  95  10:53  Extractor x2  
  95  10:56  Hatchery  
  93  11:00  Hatchery  
  92  11:17  Hydralisk  
  92  11:18  Hydralisk x19  
  132  11:29  Zerg Melee Weapons Level 1  
  132  11:39  Overlord  
  132  11:40  Overlord x3  
  132  11:51  Grooved Spines  
  132  12:20  Zerg Missile Weapons Level 2  
  132  12:24  Drone  
  132  12:25  Drone x14  
  147  12:31  Drone x2  
  147  12:36  Drone x2  
  151  12:39  Drone  
  152  12:47  Drone x3  
  152  12:48  Drone  
  152  12:51  Drone x2  
  158  13:02  Muscular Augments, Hydralisk x3  
  158  13:03  Hydralisk  
  166  13:10  Hive  
  166  13:31  Spire  
  166  13:33  Lurker Den  
  164  13:35  Drone  
  164  13:36  Drone x2  
  164  13:41  Drone x2  
  169  13:42  Drone  
  169  13:45  Extractor  
  169  13:47  Extractor  
  168  13:54  Drone x3  
  168  13:55  Drone x2  
  173  13:56  Drone x2  
  173  13:57  Drone  
  173  13:58  Overlord x2  
  173  13:59  Overlord x4  
  175  14:08  Overlord x4  
  175  14:18  Zerg Ground Armor Level 2  
  175  14:27  Spore Crawler  
  175  14:29  Spore Crawler  
  175  14:30  Spore Crawler  
  175  14:31  Spore Crawler  
  162  14:32  Spore Crawler  
  162  14:33  Spore Crawler  
  162  14:34  Spore Crawler  
  162  14:35  Zerg Melee Weapons Level 2  
  159  14:49  Hydralisk  
  159  14:50  Hydralisk x4  
  169  14:57  Drone  
  169  14:58  Drone x4  
  169  14:59  Drone  
  175  15:00  Drone  
  176  15:09  Hydralisk x3  
  173  15:31  Hydralisk x6  
  166  15:41  Lurker x4  
  155  16:09  Drone  
  155  16:10  Drone x10  
  166  16:34  Zerg Missile Weapons Level 3  
  94  17:03  Hydralisk  
  94  17:04  Hydralisk x9  
  94  17:05  Hydralisk  
  91  17:24  Hydralisk  
  91  17:25  Hydralisk x4  
  91  17:27  Drone x2  
  101  17:40  Drone x3  
  101  17:41  Drone x2  
  101  17:42  Drone  
  107  17:45  Drone  
  108  17:57  Zerg Ground Armor Level 3  
  108  18:00  Zergling x4  
  104  18:11  Drone x2  
  106  18:14  Corruptor x2  
  106  18:15  Corruptor  
  112  18:22  Zergling x2  
  113  18:28  Spore Crawler  
  80  18:35  Zergling x10  
  80  18:36  Zergling x14  
  84  18:42  Hydralisk x2  
  84  18:47  Zergling x6  
  83  18:51  Corruptor  
  75  18:58  Corruptor x2  
  72  19:05  Corruptor  
  72  19:06  Corruptor  
  70  19:15  Corruptor  
  70  19:16  Corruptor  
  67  19:25  Mutalisk  
  63  19:32  Zergling x2  
  63  19:33  Zergling x10  
  65  19:40  Hydralisk  
  65  19:41  Hydralisk  
  68  19:49  Hydralisk  
  68  19:50  Zergling x2  
  70  19:58  Overseer  
  44  20:22  Zergling x2  
  44  20:23  Zergling x8  
  33  21:01  Zergling x2  
  33  21:02  Zergling x10  
Show
View Real Time Build Order
Export as new Build Order

Yocto Zerg - Winner!

Build Orders: Hatch First 

Get SALT Encoding   

  12  0:12  Overlord  
  12  0:19  Drone  
  12  0:20  Drone  
  14  0:33  Drone  
  15  0:36  Drone  
  15  0:37  Extractor  
  16  1:08  Extractor  
  16  1:11  Hatchery  
  14  1:15  Spawning Pool  
  13  1:19  Drone  
  13  1:23  Drone  
  15  1:27  Drone  
  16  1:39  Drone  
  17  1:56  Drone x2  
  19  2:08  Spine Crawler  
  18  2:11  Spine Crawler  
  18  2:14  Zergling x4  
  19  2:22  Metabolic Boost  
  19  2:27  Zergling x4  
  21  2:38  Zergling x4  
  23  2:45  Queen  
  25  2:54  Baneling Nest  
  24  3:14  Drone x4  
  28  3:26  Overlord  
  28  3:44  Queen  
  30  3:49  Overlord  
  30  3:50  Drone  
  30  3:51  Drone x4  
  35  3:57  Lair  
  35  4:05  Baneling  
  35  4:07  Baneling  
  35  4:10  Drone x3  
  35  4:11  Drone  
  35  4:16  Overlord  
  39  4:32  Drone x4  
  41  4:56  Extractor  
  41  4:58  Extractor  
  39  5:03  Queen, Extractor  
  39  5:05  Overlord x3  
  40  5:12  Drone x3  
  43  5:31  Spire  
  42  5:37  Zergling x8  
  42  5:38  Zergling x8  
  50  5:48  Spine Crawler  
  49  5:50  Spine Crawler  
  48  5:57  Queen  
  48  6:03  Baneling x2  
  48  6:04  Baneling x2  
  50  6:06  Zergling x14  
  50  6:07  Zergling x4  
  59  6:22  Queen  
  61  6:26  Drone x3  
  64  6:48  Mutalisk x3  
  64  6:49  Mutalisk x2  
  74  6:55  Evolution Chamber, Drone x3  
  76  7:20  Overlord x4  
  75  7:36  Overlord x3  
  75  7:40  Hatchery  
  74  7:50  Drone x4  
  74  7:51  Drone x2  
  80  7:57  Mutalisk x2  
  84  8:05  Mutalisk x2  
  88  8:20  Mutalisk x4  
  96  8:28  Extractor  
  96  8:30  Extractor  
  94  8:51  Mutalisk x2  
  98  8:57  Zergling x6  
  98  8:58  Zergling x14  
  98  8:59  Zergling x4  
  110  9:09  Drone  
  111  9:16  Mutalisk  
  111  9:17  Mutalisk  
  115  9:33  Drone x6  
  121  9:53  Overlord x3  
  121  9:54  Overlord x2  
  121  10:08  Overlord x2  
  121  10:11  Queen  
  123  10:19  Drone x2  
  123  10:20  Drone  
  126  10:40  Zerg Flyer Weapons Level 1  
  126  10:41  Mutalisk x2, Evolution Chamber  
  126  10:42  Mutalisk x4  
  137  11:01  Mutalisk  
  137  11:02  Mutalisk  
  141  11:11  Zerg Melee Weapons Level 1  
  141  11:17  Centrifical Hooks  
  141  11:36  Drone x8  
  141  11:37  Drone x6  
  155  11:40  Hatchery  
  155  11:46  Infestation Pit  
  153  12:16  Drone x2  
  153  12:17  Drone x6  
  161  12:23  Hive  
  161  12:26  Extractor, Baneling  
  161  12:27  Baneling x6  
  161  12:28  Extractor, Baneling x8  
  161  12:29  Baneling x3  
  159  12:30  Baneling x7  
  159  12:31  Overlord, Baneling x2  
  159  12:32  Overlord x5  
  159  12:45  Overlord  
  159  12:46  Overlord x2  
  159  12:48  Corruptor  
  159  12:49  Corruptor  
  163  13:05  Zerg Ground Armor Level 1  
  163  13:08  Queen  
  165  13:15  Zergling x14  
  165  13:16  Zergling x8  
  176  13:44  Hatchery  
  175  13:54  Greater Spire  
  175  14:00  Spire  
  172  14:16  Corruptor  
  172  14:17  Corruptor x3  
  146  15:53  Brood Lord x2  
  146  15:54  Brood Lord x2  
  146  15:56  Corruptor x4  
  152  15:59  Zergling x14  
  152  16:00  Zergling x20  
  166  16:08  Zerg Flyer Armor Level 1  
  166  16:20  Mutalisk x7  
  166  16:21  Mutalisk  
  182  16:25  Baneling  
  182  16:26  Baneling x7  
  146  17:00  Zergling x2  
  146  17:01  Zergling x26  
  116  17:11  Zergling x4  
  114  17:16  Brood Lord x6  
  114  17:18  Zergling x6  
  124  17:25  Zergling x8  
  128  17:33  Baneling  
  128  17:34  Baneling x22  
  125  17:46  Overseer x5  
  125  17:47  Overseer x2  
  121  17:52  Drone x2  
  121  17:53  Drone x7  
  128  17:59  Zergling x6  
  131  18:11  Zergling x8  
  135  18:18  Mutalisk x4  
  132  18:34  Zergling x2  
  132  18:35  Zergling x6  
  132  18:44  Zergling x8  
  133  18:52  Zergling x8  
  136  19:02  Corruptor x4  
  135  19:13  Corruptor x4  
  137  19:23  Corruptor x3  
  136  19:35  Queen  
  136  19:36  Extractor x2  
  128  19:47  Extractor  
  128  19:48  Zergling x8  
  128  19:49  Zergling x10  
  132  19:56  Corruptor x2  
  120  20:20  Zergling x14  
  120  20:21  Zergling x6  
  117  20:31  Zergling x8  
  119  20:42  Brood Lord x2  
  118  20:50  Zergling x12  
  118  20:51  Zergling x2  
  120  20:58  Brood Lord  
  120  21:00  Zergling x8  
  125  21:24  Queen  
  127  21:33  Baneling x4  
  127  21:34  Baneling x4  
  127  21:43  Extractor, Hatchery  
Tags
 
League
Gold
Matchup
ZvZ
Race
Zerg
Replay Pack
Yocto
Spawn Locations
Close Positions
Add a new tag
Caveats
  • Supply blocks, unpowered buildings, or Contaminate may cause inaccurate times.
  • Supply counts are checked every 10 seconds.